 Dungeon Crawl Stone Soup version 0.28.0-45-g0d030f2227 (webtiles) character file.

Game seed: 14948590602181134085

22938 pkoi the Zephyrmancer (level 12, -5/96 HPs)
             Began as a Demigod Air Elementalist on Apr 8, 2022.
             Slain by a yak (8 damage)
             ... on level 2 of the Lair of Beasts.
             The game lasted 00:32:16 (23413 turns).

pkoi the Zephyrmancer (Demigod Air Elementalist)   Turns: 23413, Time: 00:32:17

Health: -5/96      AC: 14    Str:  9    XL:     12   Next: 35%
Magic:  8/26       EV: 15    Int: 37    God:
Gold:   600        SH:  0    Dex: 20    Spells: 2/24 levels left

rFire   . . .      SeeInvis .   L - +0 dagger of the Volcano {vamp, Fly rN+ Dex+6}
rCold   . . .      Faith    .   (no shield)
rNeg    + . .      Spirit   .   o - +3 leather armour {Will+}
rPois   .          Reflect  .   w - +1 helmet
rElec   .          Harm     .   m - +0 cloak
rCorr   .          Rampage  .   t - +1 pair of gloves
Will    ++...                   r - +1 pair of boots
Stlth   ++........              a - amulet "Tuuzer" {Regen+ Int+4}
HPRegen 1.06/turn               I - +4 ring of slaying
MPRegen 0.20/turn               H - ring of wizardry

@: frozen, flying, very slow
A: high MP 1, forlorn, divine attributes
a: no special abilities


You were on level 2 of the Lair of Beasts.
You visited 3 branches of the dungeon, and saw 14 of its levels.

You collected 838 gold pieces.
You spent 238 gold pieces at shops.

Inventory:

Hand Weapons
 c - a +0 dagger
 x - a +4 flail of holy wrath
 y - a +2 short sword of electrocution
 J - a +2 dagger of flaming
 L - the +0 dagger of the Volcano (weapon) {vamp, Fly rN+ Dex+6}
   (You found it on level 9 of the Dungeon)

   It occasionally heals its wielder for a portion of the damage dealt when it
   wounds a living foe.
   Dex:       It affects your dexterity (+6).
   rN:        It protects you from negative energy.
   Fly:       It grants you flight.
Missiles
 j - 21 poisoned darts
 q - 2 javelins
 v - 11 stones
Armour
 m - a +0 cloak (worn)
 o - a +3 leather armour of willpower (worn)
 r - a +1 pair of boots (worn)
 t - a +1 pair of gloves (worn)
 w - a +1 helmet (worn)
Jewellery
 a - the amulet "Tuuzer" (around neck) {Regen+ Int+4}
   (You found it on level 7 of the Dungeon)

   [amulet of regeneration]

   Int:       It affects your intelligence (+4).
   Regen:     It increases your rate of health regeneration.
 g - a ring of flight
 s - a ring of protection from cold
 H - a ring of wizardry (right hand)
 I - a +4 ring of slaying (left hand)
 P - a ring of ice
Wands
 b - a wand of iceblast (8)
 e - a wand of polymorph (12)
 h - a wand of flame (17)
 B - a wand of mindburst (21)
 C - a wand of paralysis (11)
 F - a wand of acid (6)
 G - a wand of digging (6)
Scrolls
 i - 8 scrolls of identify
 k - a scroll of immolation
 l - 5 scrolls of teleportation
 p - a scroll of blinking
 z - 2 scrolls of magic mapping
 A - 3 scrolls of amnesia
 D - 2 scrolls of enchant weapon
 N - a scroll of silence
Potions
 d - 8 potions of flight
 f - a potion of invisibility
 n - 3 potions of haste
 u - 5 potions of curing
 E - 2 potions of heal wounds
 K - a potion of resistance
 M - 2 potions of ambrosia
 O - a potion of brilliance


   Skills:
 - Level 6.0 Fighting
 - Level 6.0 Armour
 - Level 6.0 Dodging
 - Level 1.7 Stealth
 + Level 6.7 Unarmed Combat
 + Level 6.6 Spellcasting
 + Level 5.1 Conjurations
 - Level 4.0 Translocations
 + Level 2.6 Transmutations
 - Level 10.4 Air Magic
 + Level 2.7 Poison Magic
 + Level 5.3 Evocations


You had 2 spell levels left.
You knew the following spells:

 Your Spells              Type           Power      Damage    Failure   Level
a - Shock                 Conj/Air       100%       1d9       1%          1
b - Static Discharge      Conj/Air       63%        N/A       1%          2
c - Swiftness             Air            74%        N/A       1%          3
d - Airstrike             Air            37%        N/A       1%          4
e - Blink                 Tloc           82%        N/A       1%          2
f - Lightning Bolt        Conj/Air       31%        1d48      1%          5
g - Alistair's Intoxicat  Tmut/Pois      21%        N/A       16%         5

Your spell library contained the following spells:

 Spells                   Type           Power      Damage    Failure   Level
 Animate Skeleton         Necr           24%        N/A       1%          1
 Pain                     Necr           48%        1d6       1%          1
 Summon Small Mammal      Summ           48%        N/A       1%          1
 Lesser Beckoning         Tloc           41%        N/A       1%          3
 Call Canine Familiar     Summ           12%        N/A       4%          3
 Summon Guardian Golem    Hex/Summ       12%        N/A       4%          3
 Vampiric Draining        Necr           12%        2d6       4%          3
 Manifold Assault         Tloc           41%        N/A       9%          5
 Conjure Ball Lightning   Conj/Air       31%        3x3d10    11%         6
 Animate Dead             Necr           6%         N/A       16%         4
 Borgnjor's Vile Clutch   Necr/Erth      6%         N/A       38%         5
 Eringya's Noxious Bog    Tmut/Pois      16%        N/A       58%         6
 Maxwell's Capacitive Co  Air            37%        ∞         78%         8
 Haunt                    Necr/Summ      6%         N/A       100%        7
 Discord                  Hex            6%         N/A       100%        8
 Disjunction              Tloc           20%        N/A       100%        8
 Infestation              Necr           6%         N/A       100%        8


Dungeon Overview and Level Annotations

Branches:
Dungeon (11/15) Temple (1/1) D:4 Lair (2/6) D:10 Orc (0/2) D:9 D:10 Swamp: Lair:2-4 Shoals: Lair:2-4 Snake: Lair:2-4 Spider: Lair:2-4

Shops:
D:10 *

Annotations:
D:4 2 transporters, Iusername's ghost, amateur MiFi
D:11 Josephine


Innate Abilities, Weirdness & Mutations

You have an increased reservoir of magic. (+10% MP)
You shall have no god before yourself.
Your divine heritage dramatically boosts your attributes as you level up.


Message History

The rime drake is struck by an arc of lightning.
The rime drake is lightly wounded.
The lightning grounds out.
The rime drake is struck by an arc of lightning!
The rime drake is heavily wounded.
You are struck by an arc of lightning.
* * * LOW HITPOINT WARNING * * *
The fungus is struck by an arc of lightning.
The fungus is lightly damaged.
The lightning grounds out.
The yak is struck by an arc of lightning!
The yak is severely wounded.
You are struck by an arc of lightning.
* * * LOW HITPOINT WARNING * * *
The rime drake is struck by an arc of lightning.
The rime drake is heavily wounded.
The lightning grounds out.
The rime drake barely misses you. The yak misses you.
The rime drake breathes ice at you. The flash freeze hits you!!
* * * LOW HITPOINT WARNING * * *
You are encased in ice.
Unknown command.
Casting: Static Discharge (safe; 1% risk of failure)
Confirm with . or Enter, or press ? or * to list all spells.
The fungus is struck by an arc of lightning!
The fungus is lightly damaged.
The lightning grounds out.
The rime drake is struck by an arc of lightning.
The rime drake is severely wounded.
You are struck by an arc of lightning.
* * * LOW HITPOINT WARNING * * *
The yak is struck by an arc of lightning!
The yak is almost dead.
You are struck by an arc of lightning.
* * * LOW HITPOINT WARNING * * *
The lightning grounds out.
The yak gores you!
* * * LOW HITPOINT WARNING * * *
The yak gores you!
You die...

.................(..l.#
.#
........P##.#.#.......###
.
.......#####..##.........
+.###...# #####†.........
.......## #.#...#....
.......# #Y######...
.......# #.## ...
##.##..# ##YY# .......#
#P@## .......#
#...k...... ........
............. #####..
.P#########P.P# # ###


You could see 3 yaks and a rime drake (catching breath).

Vanquished Creatures
  5 hydras
  Erica (Lair:1)
  8 death yaks
  Pikel (D:7)
  A black mamba (Lair:2)
  Psyche (D:9)
  5 cane toads
  A rime drake (D:10)
  7 komodo dragons
  3 trolls
  4 blink frogs (Lair:2)
  A hornet (D:8)
  A jumping spider (Lair:2)
  20 yaks
  2 shadows
  Sigmund (D:3)
  A wyvern (D:8)
  A wraith (D:11)
  3 basilisks
  A steam dragon (D:7)
  Edmund (D:6)
  6 water moccasins
  An ice beast (D:5)
  4 black bears
  A sky beast (D:6)
  3 ogres
  5 wolves (Lair:1)
  A lemure (D:7)
  6 centaurs
  Blork the orc (D:6)
  2 kobold brigands
  7 bullfrogs
  2 elf skeletons (D:6)
  2 scorpions
  A wyvern skeleton (D:7)
  8 killer bees (D:8)
  3 wights (D:8)
  4 howler monkeys
  An electric eel (Lair:1)
  A centaur zombie (D:7)
  A hound (D:4)
  2 orc priests
  A human zombie (D:6)
  An iron imp (D:9)
  Jessica (D:2)
  4 iguanas
  Ijyb (D:3)
  3 orc wizards
  A killer bee zombie (D:8)
  Robin (D:3)
  A howler monkey zombie (D:9)
  7 adders
  A howler monkey skeleton (D:6)
  An ufetubus (D:5)
  2 adder skeletons (D:4)
  2 worms
  2 dart slugs
  14 orcs
  5 ball pythons
  4 endoplasms
  4 giant cockroaches (D:3)
  15 goblins
  10 hobgoblins
  2 jackals (D:3)
  14 kobolds
  7 quokkas
  3 bats
  17 frilled lizards
  2 orc skeletons (D:6)
  An orc zombie (D:6)
  8 rats
266 creatures vanquished.

Vanquished Creatures (others)
  16 fungi
  21 plants
37 creatures vanquished.

Grand Total: 303 creatures vanquished

Notes
Turn   | Place    | Note
-------+----------+-------------------------------------------
     0 | D:1      | pkoi the Demigod Air Elementalist began the quest for the
                  | Orb.
     0 | D:1      | Reached XP level 1. HP: 14/14 MP: 5/5
  1246 | D:1      | Reached XP level 2. HP: 22/22 MP: 4/7
  1330 | D:1      | Reached skill level 3 in Air Magic
  1369 | D:1      | Learned a level 2 spell: Static Discharge
  2484 | D:2      | Reached XP level 3. HP: 22/27 MP: 2/8
  2540 | D:2      | Learned a level 3 spell: Swiftness
  2559 | D:2      | Reached skill level 1 in Fighting
  2708 | D:2      | Noticed Jessica
  2712 | D:2      | Killed Jessica
  3276 | D:3      | Noticed Robin
  3281 | D:3      | Killed Robin
  3282 | D:3      | Reached XP level 4. HP: 32/35 MP: 3/10
  3590 | D:3      | Noticed Ijyb
  3599 | D:3      | Killed Ijyb
  3600 | D:3      | Reached skill level 4 in Air Magic
  3660 | D:3      | Noticed Sigmund
  4309 | D:3      | Reached XP level 5. HP: 41/41 MP: 11/11
  4526 | D:3      | Killed Sigmund
  4911 | D:3      | Reached XP level 6. HP: 47/48 MP: 13/13
  5220 | D:4      | Found a transporter.
  5221 | D:4      | Found a transporter.
  5223 | D:4      | Noticed Iusername's ghost (amateur MiFi)
  5538 | D:4      | Reached skill level 5 in Air Magic
  5609 | D:4      | Found a staircase to the Ecumenical Temple.
  5997 | Temple   | Entered the Ecumenical Temple
  6199 | D:5      | Entered Level 5 of the Dungeon
  6634 | D:5      | Reached XP level 7. HP: 50/57 MP: 9/14
  7276 | D:5      | Learned a level 4 spell: Airstrike
  7369 | D:6      | Noticed Blork the orc
  7401 | D:6      | HP: 3/85 [Blork the orc/+0 scimitar (3)]
  7406 | D:6      | HP: 1/85 [Blork the orc/+0 scimitar (3)]
  7407 | D:6      | Killed Blork the orc
  7408 | D:6      | Reached skill level 6 in Air Magic
  8368 | D:6      | Noticed Edmund
  8403 | D:6      | Killed Edmund
  8404 | D:6      | Reached skill level 7 in Air Magic
  9031 | D:6      | Reached XP level 8. HP: 60/63 MP: 13/15
  9096 | D:6      | Reached skill level 8 in Air Magic
 10163 | D:7      | Reached skill level 1 in Armour
 10385 | D:7      | Noticed Pikel
 11050 | D:7      | Killed Pikel
 11051 | D:7      | Reached XP level 9. HP: 57/71 MP: 4/17
 11680 | D:7      | Reached skill level 9 in Air Magic
 11742 | D:7      | Identified the amulet "Tuuzer" {Regen+ Int+4}
 12259 | D:8      | Reached skill level 5 in Dodging
 12383 | D:8      | Reached skill level 1 in Unarmed Combat
 12777 | D:8      | Learned a level 2 spell: Blink
 13045 | D:8      | Reached skill level 5 in Fighting
 13749 | D:9      | Noticed Psyche
 13925 | D:9      | Killed Psyche
 13994 | D:8      | Reached skill level 1 in Translocations
 14023 | D:8      | Reached skill level 1 in Evocations
 14023 | D:8      | Reached XP level 10. HP: 26/81 MP: 17/20
 14703 | D:9      | Identified the +0 dagger of the Volcano {vamp, Fly rN+
                  | Dex+6}
 15194 | D:10     | Entered Level 10 of the Dungeon
 15194 | D:10     | Noticed a death yak
 15194 | D:10     | Found a staircase to the Orcish Mines.
 15244 | D:10     | Found a staircase to the Lair.
 15244 | D:10     | Noticed a death yak
 15341 | D:9      | Learned a level 5 spell: Lightning Bolt
 15386 | D:10     | Reached skill level 1 in Conjurations
 15637 | D:10     | Found Jiugoy Kuze's CLEARANCE SALE!.
 15645 | D:10     | Bought Great Wizards, Vol. II for 76 gold pieces
 15645 | D:10     | Bought a potion of curing for 6 gold pieces
 15645 | D:10     | Bought a +4 ring of slaying for 156 gold pieces
 16425 | D:10     | Killed a death yak
 16426 | D:10     | Reached skill level 5 in Spellcasting
 16427 | D:10     | Noticed a death yak
 16619 | D:9      | Killed a death yak
 16894 | D:9      | Killed a death yak
 17438 | D:11     | Identified the +6 long sword of Chagrin {antimagic, Dex+2}
 17473 | D:11     | Noticed a two-headed ogre
 17487 | D:11     | Noticed Josephine
 17731 | Lair:1   | Entered Level 1 of the Lair of Beasts
 17731 | Lair:1   | Noticed a six-headed hydra
 17994 | D:10     | Killed a six-headed hydra
 17995 | D:10     | Reached skill level 5 in Unarmed Combat
 18296 | D:10     | Reached XP level 11. HP: 41/88 MP: 14/23
 18847 | Lair:1   | Noticed a five-headed hydra
 18851 | Lair:1   | Killed a five-headed hydra
 18852 | Lair:1   | Reached skill level 10 in Air Magic
 18875 | Lair:1   | Noticed a six-headed hydra
 18900 | Lair:1   | Noticed Erica
 18926 | Lair:1   | Noticed a five-headed hydra
 19023 | Lair:1   | Killed a five-headed hydra
 19180 | Lair:1   | Killed Erica
 19798 | Lair:1   | Killed a six-headed hydra
 19908 | Lair:1   | Reached skill level 5 in Armour
 21022 | Lair:1   | Learned a level 5 spell: Alistair's Intoxication
 21367 | Lair:2   | Noticed a death yak
 21375 | Lair:2   | Noticed a death yak
 21393 | Lair:1   | Killed a death yak
 21451 | Lair:2   | Noticed a death yak
 21452 | Lair:2   | Noticed a death yak
 21453 | Lair:2   | Noticed a death yak
 21470 | Lair:1   | Killed a death yak
 21471 | Lair:1   | Reached skill level 1 in Poison Magic
 21585 | Lair:1   | Killed a death yak
 21586 | Lair:1   | Reached skill level 1 in Transmutations
 21651 | Lair:1   | Killed a death yak
 21652 | Lair:1   | Reached XP level 12. HP: 79/96 MP: 9/25
 22870 | Lair:2   | Reached skill level 5 in Evocations
 23010 | Lair:2   | Noticed a seven-headed hydra
 23015 | Lair:2   | Killed a seven-headed hydra
 23016 | Lair:2   | Reached skill level 5 in Conjurations
 23413 | Lair:2   | HP: 3/96 [yak (10)]
 23413 | Lair:2   | Slain by a yak

Illustrated notes

Levels and vault maps discovered:
D:1:      dpeg_arrival_ratfight, layout_loops_corners, basic_ecumenical_altar,
          hangedman_decor_lopped
D:2:      layout_basic, minmay_lizard_king, uniq_jessica
D:3:      layout_basic, gup_sewer_entry_pipe, uniq_ijyb, uniq_robin,
          uniq_sigmund
D:4:      layout_rooms, minmay_temple_entry_fiery, gammafunk_ghost_smash,
          nicolae_elevator_lobby_asterisk
D:5:      layout_basic
D:6:      layout_gridville, nicolae_ossuary_entry_catacombs, uniq_edmund,
          uniq_blork_the_orc
D:7:      layout_cave_pools, uniq_pikel
D:8:      layout_loops_cross, mainiacjoe_overflow_cross_hatched,
          lemuel_flamethrower_2
D:9:      layout_cave_pools, chei_slow_surprise, minivault_10,
          corexii_leaking_fountain, uniq_psyche
D:10:     nicolae_cairo_tiling_large, layout_cave_pools, dpeg_lair_monsters,
          serial_bayou_pond_d, nicolae_shop_clearance
D:11:     layout_basic, billiards_dpeg, uniq_josephine
Temple:   regret_index_temple_chain_breaker
Lair:1:   layout_roguey, patterned_corridor, grunt_megastairs_2,
          infiniplex_staircase_pool, uniq_erica
Lair:2:   layout_chaotic_city, spider_nest_entry_a, lemuel_fruit_tree

Skill      XL: |  1  2  3  4  5  6  7  8  9 10 11 12 |
---------------+-------------------------------------+-----
Dodging        | 2 3 4 5 6 |  6.0
Air Magic      | 3 4 5 7 8 9 10 | 10.4
Spellcasting   | 2 3 4 5 6 |  6.6
Fighting       | 1 2 3 4 5 6 |  6.0
Armour         | 3 4 5 6 |  6.0
Unarmed Combat | 2 5 6 |  6.7
Translocations | 1 3 4 |  4.0
Evocations     | 1 3 4 5 |  5.3
Conjurations   | 2 4 5 |  5.1
Poison Magic   | 1 2 |  2.7
Transmutations | 1 2 |  2.6
Stealth        | |  1.7

Action                   |  1- 3 |  4- 6 |  7- 9 | 10-12 || total
-------------------------+-------+-------+-------+-------++-------
Melee: Dagger            |    40 |     4 |    34 |    73 ||   151
       Hunting sling     |     1 |     1 |     1 |       ||     3
       Short sword       |       |       |    21 |       ||    21
       Flail             |       |       |       |    38 ||    38
       Punch             |       |       |       |     4 ||     4
 Fire: Hunting sling     |       |   196 |   164 |       ||   360
 Cast: Shock             |    88 |    36 |    34 |     1 ||   159
       Airstrike         |       |       |    72 |   141 ||   213
       Swiftness         |       |       |     2 |       ||     2
       Static Discharge  |       |       |     8 |    13 ||    21
       Lightning Bolt    |       |       |       |    57 ||    57
       Blink             |       |       |       |     2 ||     2
Evoke: Wand              |       |       |     1 |       ||     1
  Use: Scroll            |     8 |     2 |     8 |     5 ||    23
       Potion            |       |       |     1 |       ||     1
 Stab: Distracted        |       |       |       |     1 ||     1
Armor: Robe              |    18 |    62 |    54 |       ||   134
       Skin              |       |       |    18 |       ||    18
       Leather armour    |       |       |    15 |    77 ||    92
Dodge: Dodged            |    43 |    95 |   159 |   191 ||   488
